 Dungeon Crawl Stone Soup version 0.28-a0-1143-gcf6077d4cc (webtiles) character file.

Game seed: 11909108963392366679

27 spaghetti the Charlatan (level 2, -1/21 HPs)
             Began as a Mummy Artificer on Dec 14, 2021.
             Was a Follower of Cheibriados.
             Slain by a phantom (3 damage)
             ... on level 4 of the Dungeon.
             The game lasted 00:04:17 (1635 turns).

spaghetti the Charlatan (Mummy Artificer)           Turns: 1635, Time: 00:04:18

Health: -1/21      AC:  4    Str: 18    XL:     2   Next: 93%
Magic:  2/2        EV: 11    Int: 13    God:    Cheibriados [*.....]
Gold:   35         SH:  0    Dex: 15    Spells: 1/1 levels left

rFire   . . .      SeeInvis .   a - +0 club {mace}
rCold   . . .      Faith    .   (no shield)
rNeg    + + +      Spirit   .   b - +0 leather armour
rPois   ∞          Reflect  .   (no helmet)
rElec   .          Harm     .   (no cloak)
rCorr   .          Rampage  .   j - +0 pair of gloves
Will    .....                   (no boots)
Stlth   +.........              (no amulet)
HPRegen 0.07/turn               g - ring of fire
MPRegen 0.08/turn               (no ring)

@: very slow
A: cold resistance 1, negative energy resistance 3, torment resistance 2, heat
vulnerability 1, no potions
a: Renounce Religion, Bend Time


You were on level 4 of the Dungeon.
You worshipped Cheibriados.
Cheibriados was aware of your devotion.
You visited 1 branch of the dungeon, and saw 3 of its levels.

You collected 35 gold pieces.


Innate Abilities, Weirdness & Mutations

You are immune to poison.
Your flesh is cold resistant. (rC+)
You are immune to negative energy. (rN+++)
You are immune to unholy pain and torment.
You are vulnerable to heat. (rF-)
You do not drink.


   Skills:
 - Level 1.0 Fighting
 + Level 2.1 Maces & Flails
 - Level 1.5 Armour
 - Level 0.7 Dodging
 - Level 0.7 Stealth
 - Level 2.4 Evocations


You had one spell level left.
You didn't know any spells.
Your spell library contained the following spells:

 Spells                   Type           Power      Damage    Failure   Level
 Apportation              Tloc           0%         N/A       36%         1
 Alistair's Intoxication  Tmut/Pois      0%         N/A       100%        5

Inventory:

Hand Weapons
 a - a +0 club (weapon) {mace}
Missiles
 h - 40 stones {throwing}
 i - 16 poisoned darts {throwing}
 k - 19 bolts
Armour
 b - a +0 leather armour (worn)
 j - a +0 pair of gloves (worn)
   (You found it on level 1 of the Dungeon)
Jewellery
 g - a ring of fire (left hand)
   (You found it on level 1 of the Dungeon)
Wands
 c - a wand of flame (9) (quivered)
 d - a wand of charming (12)
Scrolls
 f - a scroll of enchant weapon {unknown}
 l - a scroll of torment {unknown}
Miscellaneous
 e - a piece from Xom's chessboard (15/15) {forbidden}

Dungeon Overview and Level Annotations

Branches:
Dungeon (2/15)

Altars:
Cheibriados
Vehumet

Shops:
D:1

* #.... .# ..
..... .# ... #...#
..# ...##...# ..+
........# ...#
........##...#
............#
#..K@....#
#####..W##...#
#.......## ..#
....### #.###....+
.# ....#..
#...#....# #
....#.#####K#...##
....#....K..#####
....#.#####.#
....#...# ..#


You could see a phantom and a kobold.


Message History

The helpless kobold fails to defend itself.
You hit the kobold.
You kill the kobold!
Cheibriados appreciates the change of pace.
No target in view!
No target in view!
No target in view!
No target in view!
No target in view!
No target in view!
No target in view!
No target in view!
No target in view!
No target in view!
No target in view!
No target in view!
No target in view!
You start waiting.
Something unseen opens the door.
A phantom comes into view.
Things that are here:
a +0 whip {mace}; 5 poisoned darts {throwing}; a kobold corpse
Aiming: Throw Flame
Press: ? - help, Shift-Dir - straight line, f - phantom
Aim: a phantom (60% to hit)
The puff of flame hits the phantom.
You hit the phantom. The phantom barely misses you.
Aiming: Throw Flame
Press: ? - help, Shift-Dir - straight line, f/p - phantom
Aim: a phantom (lightly damaged, 60% to hit)
The puff of flame misses the phantom.
The phantom hits you.
The phantom blinks!
You blink. 😕 HP[-2]
You take 2 damage, and now have 19/21 hp.
Unknown command.
Unknown command.
Unknown command.
Unknown command.
Aiming: Throw Flame
Press: ? - help, Shift-Dir - straight line, f/p - phantom
Aim: a phantom (lightly damaged, 60% to hit)
The puff of flame hits the phantom.
The phantom hits you.
The phantom blinks!
You blink.
A kobold comes into view. It is wielding a +0 short sword.
The kobold moves out of view. 😮 HP[-4]
You take 4 damage, and now have 15/21 hp.
Unknown command.
Unknown command.
Aiming: Charm
Press: ? - help, Shift-Dir - straight line, f/p - phantom
Aim: a phantom (moderately damaged, chance to affect: 35%)
Okay, then.
Unknown command.
The phantom closely misses you.
There is an open door here.
The phantom closely misses you.
The phantom hits you but does no damage.
The kobold shouts!
The phantom misses you. 😕 HP[+1]
The phantom barely misses you.
The phantom hits you but does no damage.
The phantom barely misses you. The phantom hits you. 😮 HP[-2]
You take 2 damage, and now have 14/21 hp. 😮 HP[+1]
The phantom barely misses you. The phantom hits you!
* * * LOW HITPOINT WARNING * * *
The phantom blinks!
You blink. 😨 HP[-8]
You take 8 damage, and now have 7/21 hp.
MASSIVE DAMAGE!! (PAUSE)
The kobold throws a stone.
The stone closely misses you.
The kobold throws a stone.
The stone hits you but does no damage. The phantom hits you.
* * * LOW HITPOINT WARNING * * *
😱 HP[-3]
You take 3 damage, and now have 4/21 hp.
Okay, then.
You can't drink.
Aiming: Charm
Press: ? - help, Shift-Dir - straight line, f/p - phantom
Aim: a phantom (lightly damaged, chance to affect: 35%)
The phantom easily resists.
The phantom barely misses you.
Aiming: Charm
Press: ? - help, Shift-Dir - straight line, f/p - phantom
Aim: a phantom (lightly damaged, chance to affect: 35%)
The phantom easily resists.
The phantom hits you.
* * * LOW HITPOINT WARNING * * *
😱 HP[-2]
You take 2 damage, and now have 2/21 hp.
Aiming: Charm
Press: ? - help, Shift-Dir - straight line, f/p - phantom
Aim: a phantom (lightly damaged, chance to affect: 35%)
The phantom easily resists.
The phantom hits you.
You die...

Skill      XL: |  1  2 |
---------------+-------+-----
Maces & Flails | 1 2 |  2.1
Fighting       | |  1.0
Armour         | |  1.5
Dodging        | |  0.7
Stealth        | |  0.7
Evocations     | |  2.4

Action                   || total
-------------------------++-------
Melee: Club              ||    67
Evoke: Wand              ||     9
 Stab: Sleeping          ||     1
Armor: Leather armour    ||    21
Dodge: Dodged            ||    54

Levels and vault maps discovered:
D:1:      pf_arrival_petrified_forest, layout_rooms, serial_shops, shop_statue,
          nicolae_ecumenical_lake_church
D:2:      layout_loops_corners, basic_altar
D:4:      layout_gridville, minmay_misc_feat_encased, minmay_misc_feat_ornament

Notes
Turn   | Place    | Note
-------+----------+-------------------------------------------
     0 | D:1      | spaghetti the Mummy Artificer began the quest for the Orb.
     0 | D:1      | Reached XP level 1. HP: 15/15 MP: 1/1
     0 | D:1      | magus.rc [v1.9.6]
   247 | D:1      | You pick up a book of Party Tricks and begin reading...
   247 | D:1      | You add the spells Apportation and Alistair's Intoxication
                  | to your library.
   359 | D:1      | Reached skill level 1 in Maces & Flails
   711 | D:1      | Reached XP level 2. HP: 21/21 MP: 2/2
   762 | D:1      | Found a faded altar of an unknown god.
   766 | D:1      | Prayed at the altar of an unknown god.
   766 | D:1      | Became a worshipper of Cheibriados the Contemplative
   766 | D:1      | Reached * piety under Cheibriados
   894 | D:1      | Found Moticox's General Store.
  1182 | D:2      | Reached skill level 2 in Maces & Flails
  1351 | D:2      | Found a radiant altar of Vehumet.
  1506 | D:2      | You fall into a shaft and drop 2 floors!
  1601 | D:4      | Noticed a phantom
  1632 | D:4      | HP: 4/21 [phantom (3)]
  1635 | D:4      | Slain by a phantom

Vanquished Creatures
  An adder (D:2)
  2 ball pythons (D:1)
  An endoplasm (D:2)
  A giant cockroach (D:2)
  2 goblins (D:1)
  5 kobolds
  A quokka (D:1)
  A bat (D:1)
  A frilled lizard (D:1)
  2 rats
17 creatures vanquished.

Table legend:
 A = Non-vault XP
 B = Vault XP
 C = Vault XP percentage of total XP
 D = Non-vault monster count
 E = Vault monster count
 F = Vault count percentage of total count
                 A         B        C        D         E       F
            +---------+---------+-------+---------+---------+-------
      Total |      39 |       0 |   0.0 |      17 |       0 |   0.0
            +---------+---------+-------+---------+---------+-------
        D:1 |      18 |       0 |   0.0 |      12 |       0 |   0.0
        D:2 |      19 |       0 |   0.0 |       4 |       0 |   0.0
        D:4 |       2 |       0 |   0.0 |       1 |       0 |   0.0
            +---------+---------+-------+---------+---------+-------

Illustrated notes

Table legend:
 A = Kills in this place as a percentage of kills in entire the game.
 B = Kills by you in this place as a percentage of kills by you in the entire game.
 C = Kills by friends in this place as a percentage of kills by friends in the entire game.
 D = Other kills in this place as a percentage of other kills in the entire game.
 E = Experience gained in this place as a percentage of experience gained in the entire game.
 F = Experience gained in this place divided by the number of levels of this place that you have seen.
                   A       B       C       D       E      F
               +-------+-------+-------+-------+-------+----------------------
         Total | 100.0 | 100.0 |   N/A |   N/A | 100.0 |  13.0
       Dungeon | 100.0 | 100.0 |   N/A |   N/A | 100.0 |  13.0
               +-------+-------+-------+-------+-------+----------------------

Table legend: (Time is in decaauts)
 A = Elapsed time spent in this place.
 B = Non-inter-level travel time spent in this place.
 C = Inter-level travel time spent in this place.
 D = Time resting spent in this place.
 E = Time spent auto-exploring this place.
 F = Levels seen in this place.
 G = Mean time per level.
                   A        B        C        D        E       F      G
               +--------+--------+--------+--------+--------+-----+--------+
         Total |   1753 |   1716 |     37 |    897 |    586 |   3 |  584.3 |
       Dungeon |   1753 |   1716 |     37 |    897 |    586 |   3 |  584.3 |
               +--------+--------+--------+--------+--------+-----+--------+

Top non-repeatable levels by time:
     D:1: 1092 daAuts
     D:2: 519 daAuts
     D:4: 141 daAuts
